[Event "Early-Titled-Tuesday-Blitz-November-28-2023"]
[Site "Chess.com"]
[Date "2023.11.28"]
[Round "8"]
[White "LoveUMore"]
[Black "InitiatingASC"]
[Result "1-0"]
[WhiteElo "2571"]
[BlackElo "2349"]
[TimeControl "180+1"]
[EndTime "9:34:09 PST"]
[Termination "LoveUMore won by resignation"]

1. d4 d5 2. Nf3 Nf6 3. g3 e6 4.
Bg2 Be7 5. O-O O-O 6. b3 c5 7. Bb2 cxd4 8. Nxd4 Nc6 9. Nxc6 bxc6 10. c4 Ba6 11. Nd2 Qa5 12. Qc2 Rac8 13. e4 Rfd8 14. e5 Nd7 15. Rfd1 Ba3 16. Bc3 Bb4 17. Bxb4 Qxb4 18.
a3 Qb6 19. Nf3 Rb8 20. Rab1 Rdc8 21. h4 Qa5 22. a4 Rb4 23. Ng5 Nf8 24. c5 Rcb8 25.
Nf3 Nd7 26. Nd4 Rxd4 27. Rxd4 Qxc5 28. Qxc5 Nxc5 29. Rd2 Nxa4 30. Ra1 Nc5 31. Rc2 Rb5 32. b4 1-0

[Event "Early-Titled-Tuesday-Blitz-November-28-2023"]
[Site "Chess.com"]
[Date "2023.11.28"]
[Round "8"]
[White "HanSchut"]
[Black "BarloNadera"]
[Result "0-1"]
[WhiteElo "2266"]
[BlackElo "2157"]
[TimeControl "180+1"]
[EndTime "9:34:11 PST"]
[Termination "BarloNadera won by resignation"]

1. e4 c6 2. d4 d5 3. exd5 cxd5 4. c4 Nf6 5. Nc3 Nc6 6. Nf3 Bg4 7. cxd5 Nxd5 8. Qb3 Bxf3 9. gxf3 Nb6 10. Be3 e6 11. O-O-O Rc8 12. Kb1 Be7 13. Rg1 O-O 14. d5 Nxd5 15.
Nxd5 exd5 16. Rxd5 Qc7 17. Qc3 f6 18. Bh6 Rf7 19. Bc4 Qxh2 20. Rd8+ Rxd8 21. Bxf7+ Kxf7 22. Rxg7+ Ke6 23. Qc4+ Rd5 24. a3 Qxh6 25. Rg4 Qd2 26.
Re4+ Kf7 27. Re2 Qd3+ 28. Qxd3 Rxd3 0-1

[Event "Early-Titled-Tuesday-Blitz-November-28-2023"]
[Site "Chess.com"]
[Date "2023.11.28"]
[Round "8"]
[White "Bauman_Guy"]
[Black "olksuna"]
[Result "1-0"]
[WhiteElo "2891"]
[BlackElo "2733"]
[TimeControl "180+1"]
[EndTime "9:34:14 PST"]
[Termination "Bauman_Guy won on time"]

1. e4 e5 2. Nf3 Nc6 3. Bb5 a6 4.
Ba4 Nf6 5. O-O Be7 6. Re1 b5 7. Bb3 O-O 8. h3 Bb7 9. c3 d5 10. exd5 Nxd5 11. Nxe5 Nxe5 12. Rxe5 Bf6 13. Rf5 Re8 14.
d4 Qd7 15. Rf3 Re7 16. Na3 Rae8 17. Bd2 Bh4 18. Nc2 Nf6 19. Re3 Ne4 20. Be1 Qf5 21. Qf3 Qg6 22. Qg4 Bg5 23. f4 h5 24. Qf3 Bh6 25.
d5 Qf5 26. Nd4 Qxf4 27. Qxf4 Bxf4 28. Rf3 Bd6 29. Nf5 Bc5+ 30. Kh1 Rd7 31. Rd1 Nf6 32. Rfd3 Bxd5 33. Bh4 Bxb3 34. axb3 Rxd3 35. Rxd3 Ne4 36. Rd7 Nf2+ 37. Kh2 Re1 38. Rxc7 Rh1+ 39. Kg3 Ne4+ 40. Kf3 Bd6 41. Rc8+ Kh7 42. Kxe4 1-0

[Event "Early-Titled-Tuesday-Blitz-November-28-2023"]
[Site "Chess.com"]
[Date "2023.11.28"]
[Round "8"]
[White "VincentKeymer"]
[Black "ActorXu"]
[Result "1-0"]
[WhiteElo "3022"]
[BlackElo "2842"]
[TimeControl "180+1"]
[EndTime "9:34:15 PST"]
[Termination "VincentKeymer won by resignation"]

1. Nf3 d5 2. e3 Nf6 3. c4 e6 4. Nc3 b6 5. cxd5 exd5 6. g3 Bb7 7. Bg2 a6 8. O-O Nbd7 9. b3 Bd6 10. Bb2 O-O 11.
Rc1 Re8 12. Re1 Bf8 13. Re2 Rc8 14. d4 g6 15. Rec2 Bg7 16. Ne5 Nxe5 17. dxe5 Rxe5 18. Nb5 Re7 19. Na7 Ra8 20. Nc6 Bxc6 21. Rxc6 Ne4 22. Bxg7 Kxg7 23. Qd4+ Kg8 24. Rd1 a5 25. h4 a4 26. b4 a3 27. h5 Qf8 28. hxg6 hxg6 29. Qxd5 Nd6 30. Rxd6 1-0

[Event "Early-Titled-Tuesday-Blitz-November-28-2023"]
[Site "Chess.com"]
[Date "2023.11.28"]
[Round "8"]
[White "JaloliddinIlkhomi"]
[Black "K_A_S_T_O_R"]
[Result "0-1"]
[WhiteElo "2709"]
[BlackElo "2858"]
[TimeControl "180+1"]
[EndTime "9:34:15 PST"]
[Termination "K_A_S_T_O_R won by resignation"]

1. Nf3 c5 2. c3 d5 3. d4 e6 4.
Bf4 Bd6 5. Bg3 Nf6 6. e3 Qc7 7.
Nbd2 Nbd7 8. Bd3 O-O 9. O-O e5 10.
dxe5 Nxe5 11. Nxe5 Bxe5 12. Qe2 Bg4 13. f3 Bd7 14.
Qf2 Rfe8 15. Rfe1 Rad8 16. Rad1 Bc6 17. Bb1 b6 18. Bxe5 Qxe5 19. e4 dxe4 20. Nxe4 Bxe4 21. Rxd8 Rxd8 22. Qe3 Qd6 23. Bxe4 Qd2 24. Qe2 g6 25. Bb1 Qxe2 26. Rxe2 Rd1+ 27. Kf2 Rxb1 28. Rd2 Kf8 29. Ke3 Ke7 30. Ke2 Ke6 31. a3 Nd7 32. Kd3 Rc1 33.
Re2+ Ne5+ 34. Kd2 Rb1 35. Kc2 Rf1 36. Kd2 g5 37. Kc2 f5 38. Kd2 f4 39. Kc2 h5 40.
h3 Kf5 41. Kd2 Nc4+ 42. Kc2 Ne3+ 43. Kd3 Rd1+ 0-1

[Event "Early-Titled-Tuesday-Blitz-November-28-2023"]
[Site "Chess.com"]
[Date "2023.11.28"]
[Round "8"]
[White "juniortay"]
[Black "Wizard_97"]
[Result "1/2-1/2"]
[WhiteElo "2518"]
[BlackElo "2644"]
[TimeControl "180+1"]
[EndTime "9:34:20 PST"]
[Termination "Game drawn by repetition"]

1. e4 c5 2. Nf3 d6 3. d4 cxd4 4. Nxd4 Nf6 5. Nc3 g6 6. f4 Nbd7 7. Nf3 Bg7 8. Bd3 O-O 9. O-O a6 10. a4 Qc7 11. Kh1 e5 12. Qe1 exf4 13. Bxf4 Ne5 14.
Nxe5 dxe5 15. Bg5 Qc6 16. Qh4 Nh5 17. Nd5 Kh8 18. g4 Nf4 19. Bxf4 exf4 20. Rxf4 f6 21. Qf2 g5 22. Rf5 Bxf5 23. gxf5 Rad8 24. c4 Rfe8 25. b3 Bf8 26. Qd4 Re5 27. b4 Bxb4 28.
Rb1 Bc5 29. Qb2 b6 30. Qe2 Kg7 31. h4 h6 32. Qh5 Rdxd5 33. Qg6+ Kf8 34. cxd5 Rxd5 35. Qxh6+ Ke8 36. Qg6+ Kf8 37. Qh6+ Ke8 38. Qg6+ Kf8 39. Qh6+ 1/2-1/2

[Event "Early-Titled-Tuesday-Blitz-November-28-2023"]
[Site "Chess.com"]
[Date "2023.11.28"]
[Round "8"]
[White "xamax2000"]
[Black "Grischuk"]
[Result "0-1"]
[WhiteElo "2926"]
[BlackElo "3062"]
[TimeControl "180+1"]
[EndTime "9:34:23 PST"]
[Termination "Grischuk won by resignation"]

1. Nf3 d5 2. c4 c6 3. g3 Nf6 4.
Bg2 dxc4 5. Qc2 b5 6. a4 Bb7 7. b3 cxb3 8. Qxb3 a6 9. Ba3 Nbd7 10. O-O e6 11. Bxf8 Nxf8 12. d4 N8d7 13. Nbd2 O-O 14.
e4 Qb6 15. Rfc1 c5 16. dxc5 Nxc5 17. Qe3 Nxa4 18. Qxb6 Nxb6 19. Rc7 Rab8 20. Nd4 Rfc8 21. Rxc8+ Rxc8 22. e5 Nfd5 23. Ne4 Nc4 24. Nd6 Nxd6 25. exd6 Rd8 26. Bxd5 exd5 27. Rc1 Rxd6 28. Rc7 Rb6 29. Nb3 b4 30. Kf1 h6 31. Ke2 d4 32. Rd7 Bc6 33.
Rxd4 Ba4 34. Nc5 Bb5+ 35. Kd2 a5 36. Rd8+ Kh7 37. Ra8 Rd6+ 38. Ke3 Rd5 0-1

[Event "Early-Titled-Tuesday-Blitz-November-28-2023"]
[Site "Chess.com"]
[Date "2023.11.28"]
[Round "8"]
[White "Tartody"]
[Black "Cheer_Down"]
[Result "0-1"]
[WhiteElo "2591"]
[BlackElo "2507"]
[TimeControl "180+1"]
[EndTime "9:34:23 PST"]
[Termination "Cheer_Down won on time"]

1. e4 e6 2. d4 d5 3. Nd2 c5 4.
exd5 Qxd5 5. Ngf3 cxd4 6. Bc4 Qd6 7. O-O Nf6 8. Nb3 Nc6 9. Nbxd4 Nxd4 10. Qxd4 Qxd4 11. Nxd4 Bd7 12. c3 Bc5 13. Nb3 Bb6 14. a4 a6 15. a5 Ba7 16. Be3 Bxe3 17. fxe3 Rc8 18. Bd3 Ke7 19. Be2 e5 20. Rfd1 Bc6 21.
Nc5 Ne4 22. Nxe4 Bxe4 23. Kf2 Rhd8 24. Bf3 Bxf3 25. gxf3 f5 26. Ke2 Rxd1 27. Rxd1 Rd8 28.
Ra1 g5 29. Ra4 Rd5 30. Rb4 Rb5 31. Rxb5 axb5 32. Kd3 Kd6 33. e4 f4 34. b4 h5 35.
h3 Kc6 36. Kd2 b6 37. a6 Kc7 38. Kd3 Kb8 39. c4 bxc4+ 40. Kxc4 b5+ 41. Kxb5 g4 42. hxg4 hxg4 43. Kc6 g3 44. b5 g2 0-1

[Event "Early-Titled-Tuesday-Blitz-November-28-2023"]
[Site "Chess.com"]
[Date "2023.11.28"]
[Round "8"]
[White "Kirill_Klukin"]
[Black "Msb2"]
[Result "0-1"]
[WhiteElo "2858"]
[BlackElo "3046"]
[TimeControl "180+1"]
[EndTime "9:34:24 PST"]
[Termination "Msb2 won by resignation"]

1. d4 d5 2. c4 e6 3. cxd5 exd5 4. Nc3 Bb4 5. Nf3 Nf6 6. Bd2 O-O 7.
e3 c6 8. Bd3 Bg4 9. Qc2 Nbd7 10. Ne5 Bh5 11. f4 c5 12. O-O c4 13. Bf5 Bg6 14.
Nxd7 Qxd7 15. Bxd7 Bxc2 16. Bh3 Rfe8 17. Rfe1 Bd3 18.
g4 Bxc3 19. Bxc3 Ne4 20. a4 a6 21. Bg2 b5 22. Bxe4 Bxe4 23. axb5 axb5 24. Kf2 f6 25.
h4 Reb8 26. Bb4 Ra4 27. Rxa4 bxa4 28. Bc3 a3 29. bxa3 Rb3 30. Bb4 c3 31. Rc1 c2 32.
Ke2 Kf7 33. Bc5 f5 34. gxf5 Bxf5 35. a4 Rb2 36. a5 Ra2 37. Kd2 Rxa5 38. h5 Rb5 39.
Rg1 Rb1 40. Rc1 h6 41. Bd6 g6 42. hxg6+ Kxg6 43. Be7 Be4 44. Bd8 Kf5 45. Be7 Kg4 46.
Rxc2 Bxc2 47. Kxc2 Rb7 0-1

[Event "Early-Titled-Tuesday-Blitz-November-28-2023"]
[Site "Chess.com"]
[Date "2023.11.28"]
[Round "8"]
[White "ljuks68"]
[Black "grandemestregringo"]
[Result "1/2-1/2"]
[WhiteElo "2452"]
[BlackElo "2609"]
[TimeControl "180+1"]
[EndTime "9:34:25 PST"]
[Termination "Game drawn by agreement"]

1. e4 e5 2. Nf3 Nc6 3. Bb5 f5 4. d3 fxe4 5. dxe4 Nf6 6. O-O Bc5 7. Bxc6 bxc6 8. Nxe5 O-O 9. Nc3 d6 10. Na4 Bb6 11. Nxc6 Qe8 12. Nxb6 axb6 13. Nd4 Qxe4 14. Qf3 Ba6 15. Qxe4 Nxe4 16. Re1 Nxf2 17. Ne6 Rf7 18. h3 Re8 19. Bd2 h6 20. Bc3 Bb7 21. Nxc7 Rxe1+ 22. Rxe1 Ne4 23. Nb5 Rf5 24. Rxe4 Bxe4 25. Nxd6 Bxc2 26.
Nxf5 Bxf5 27. a4 Bc2 28. Bd4 Bxa4 29. Bxb6 Bb3 30. Kf2 Kf7 31. Ke3 Ke6 32. Kd4 Kd7 33. Kc3 Bd5 34. g3 Bg2 35. h4 h5 36. Kc4 g6 37. Kc5 Kc8 38. b4 Kb7 39. Bd8 Bh3 40.
b5 Bf5 41. Be7 Bg4 42. Bf6 Bf5 1/2-1/2

[Event "Early-Titled-Tuesday-Blitz-November-28-2023"]
[Site "Chess.com"]
[Date "2023.11.28"]
[Round "8"]
[White "infantaria08"]
[Black "Grammnik"]
[Result "0-1"]
[WhiteElo "2211"]
[BlackElo "2331"]
[TimeControl "180+1"]
[EndTime "9:34:25 PST"]
[Termination "Grammnik won by resignation"]

1. d4 Nf6 2. Bf4 h6 3. Nc3 g5 4. Bg3 c6 5. e4 Qb6 6. Rb1 Bg7 7. Bc4 Qb4 8. Qe2 Nxe4 9. Bxf7+ Kxf7 10. Qxe4 Qxd4 11.
Qf5+ Qf6 12. Qd3 e5 13. Nge2 d5 14. O-O Bf5 15. Qd1 Nd7 16. f3 Rhe8 17. Bf2 b6 18.
Ng3 Bg6 19. Qd2 Kg8 20. Rbe1 Kh7 21. Nd1 Rad8 22. Ne3 Nc5 23. Ng4 Qf7 24. b4 Na6 25. a3 Nc7 26. Nh1 Nb5 27. h4 h5 28. Nh2 Nxa3 29.
hxg5 Nc4 30. Qe2 Qf4 31. g4 Qxg5 32. Ra1 Rd7 33. Kg2 e4 34. f4 Qxf4 35. Bg3 Qd2 36. Qxd2 Nxd2 37. gxh5 Bxh5 38. Rf2 e3 39. Rxd2 exd2 40.
Nf2 Bxa1 41. Nd1 Bxd1 0-1

[Event "Early-Titled-Tuesday-Blitz-November-28-2023"]
[Site "Chess.com"]
[Date "2023.11.28"]
[Round "8"]
[White "Tsomaia_Nikoloz"]
[Black "alvarorodriguezavila"]
[Result "0-1"]
[WhiteElo "2338"]
[BlackElo "2239"]
[TimeControl "180+1"]
[EndTime "9:34:27 PST"]
[Termination "alvarorodriguezavila won on time"]

1. e4 c5 2. Nf3 d6 3. d4 cxd4 4. Qxd4 a6 5. Bc4 Nc6 6. Qd3 Nf6 7. Nc3 g6 8. Bf4 Bg7 9. O-O-O O-O 10. Bb3 Nd7 11. Bg3 Nc5 12. Qe2 a5 13. e5 a4 14.
Bc4 a3 15. b3 Qa5 16. Nd5 Be6 17. Qd2 Qxd2+ 18. Rxd2 Bh6 19. exd6 Bxd2+ 20. Nxd2 Bxd5 21. Bxd5 e6 22. Bxc6 bxc6 23. b4 Na4 24. Bh4 Nc3 25.
d7 f6 26. Nc4 g5 27. Bg3 Rad8 28. Nb6 Nd5 29. Nxd5 cxd5 30. Bd6 Rf7 31. Bc5 Rfxd7 32. Re1 Kf7 33. c3 e5 34. Kc2 h5 35. Kb3 Ra8 36. b5 Rc7 37. Kb4 Rac8 38. Bd6 Rxc3 39. b6 Rc2 0-1

[Event "Early-Titled-Tuesday-Blitz-November-28-2023"]
[Site "Chess.com"]
[Date "2023.11.28"]
[Round "8"]
[White "tylityli"]
[Black "MikeSailer"]
[Result "0-1"]
[WhiteElo "2260"]
[BlackElo "2070"]
[TimeControl "180+1"]
[EndTime "9:34:27 PST"]
[Termination "MikeSailer won by checkmate"]

1. d4 d5 2. c4 Bf5 3. Nc3 e6 4. Bf4 Nc6 5. e3 Bb4 6. Nf3 Nf6 7. Bd3 Ne4 8. Rc1 dxc4 9. Bxc4 Nxc3 10. bxc3 Ba3 11.
O-O Bxc1 12. Qxc1 O-O 13. Re1 Na5 14. Bf1 c5 15. e4 Bg4 16. Ne5 Bh5 17. Be3 f6 18.
Nf3 Bxf3 19. gxf3 cxd4 20. cxd4 Rc8 21. Qa3 a6 22. Rd1 Nc4 23. Qb3 Nxe3 24. Qxe6+ Kh8 25.
fxe3 Rc2 26. Qb3 Qc7 27. Bd3 Qxh2+ 28. Kf1 Qf2# 0-1

[Event "Early-Titled-Tuesday-Blitz-November-28-2023"]
[Site "Chess.com"]
[Date "2023.11.28"]
[Round "8"]
[White "Flaccidmoves"]
[Black "Ramla2020"]
[Result "1-0"]
[WhiteElo "2406"]
[BlackElo "2532"]
[TimeControl "180+1"]
[EndTime "9:34:30 PST"]
[Termination "Flaccidmoves won by resignation"]

1. e4 e5 2. Nf3 d6 3. d4 Nd7 4. c4 c6 5. Nc3 g6 6. Be2 Bg7 7. O-O Ngf6 8. Bg5 h6 9. Be3 Ng4 10.
Bc1 O-O 11. h3 Ngf6 12. Be3 Nh5 13. Qd2 Kh7 14. g3 Qe7 15. Kh2 f5 16. exf5 gxf5 17. dxe5 Nxe5 18. Nxe5 dxe5 19. Bxh5 f4 20. gxf4 exf4 21.
Bd4 Qh4 22. Qd3+ Bf5 23. Rg1 Bxd4 24. Qxd4 Rg8 25. Bg4 Bxg4 26. Qd3+ Kh8 27. Qd4+ Kh7 28. Qd3+ Rg6 29. Qxg6+ Kxg6 30. Rxg4+ Qxg4 31. hxg4 Rd8 32. Rd1 Re8 33. Rd6+ Kg5 34. f3 h5 35. gxh5 Re3 36. Kg2 Kxh5 37. Rd7 Rd3 38. Rxd3 1-0

[Event "Early-Titled-Tuesday-Blitz-November-28-2023"]
[Site "Chess.com"]
[Date "2023.11.28"]
[Round "8"]
[White "DenisQ"]
[Black "brm72"]
[Result "1/2-1/2"]
[WhiteElo "2679"]
[BlackElo "2535"]
[TimeControl "180+1"]
[EndTime "9:34:31 PST"]
[Termination "Game drawn by repetition"]

1. Nf3 c5 2. c4 Nc6 3. Nc3 g6 4. e3 Nf6 5. d4 cxd4 6. exd4 d5 7.
cxd5 Nxd5 8. Bc4 Nxc3 9. Qb3 Nd5 10. Bxd5 e6 11. Bxc6+ bxc6 12. O-O Qd5 13. Qc2 f6 14. Re1 Bd7 15. Be3 Be7 16. Nd2 O-O 17. Ne4 Rab8 18. b3 a5 19. Nc5 Bxc5 20. dxc5 e5 21. Rad1 Qf7 22. Rd6 Rfc8 23. Red1 Be6 24. Qc3 Bd5 25. f4 Re8 26. Rf1 exf4 27. Rxf4 f5 28. h4 Re4 29. Rxe4 fxe4 30. Qe5 Rf8 31. Kh2 Qf1 32. h5 Qe1 33.
h6 Qh4+ 34. Kg1 Qe1+ 35. Kh2 Qh4+ 36. Kg1 Qe1+ 37. Kh2 1/2-1/2

[Event "Early-Titled-Tuesday-Blitz-November-28-2023"]
[Site "Chess.com"]
[Date "2023.11.28"]
[Round "8"]
[White "RodokininEV"]
[Black "Rakhmanov_Aleksandr"]
[Result "0-1"]
[WhiteElo "2622"]
[BlackElo "2850"]
[TimeControl "180+1"]
[EndTime "9:34:32 PST"]
[Termination "Rakhmanov_Aleksandr won by resignation"]

1. d4 Nf6 2. c4 d6 3. Nf3 g6 4. Nc3 Bf5 5. e4 Nxe4 6. Qb3 Nxc3 7. Qxb7 Be4 8. Qb3 Nxa2 9. Rxa2 Bg7 10. Be3 O-O 11.
Be2 Nc6 12. Qa4 Qe8 13. O-O a5 14. Rd1 Nb4 15. Raa1 Qxa4 16. Rxa4 Bc2 17. Rda1 Bxa4 18. Rxa4 Nc2 19. Bd3 Nxe3 20. fxe3 Rfb8 21. Ra2 a4 22. Kf2 Rb4 23. Ke2 Rab8 24. Nd2 c5 25. dxc5 dxc5 26. Kd1 Bxb2 27. Ne4 Be5 28. Nxc5 Bxh2 29. Na6 Rb2 30.
Rxa4 Rd8 31. Ra3 Rxg2 32. c5 h5 33. c6 h4 34. Rb3 h3 35. c7 Bxc7 36. Nxc7 h2 0-1

[Event "Early-Titled-Tuesday-Blitz-November-28-2023"]
[Site "Chess.com"]
[Date "2023.11.28"]
[Round "8"]
[White "ElDivis"]
[Black "DuleMudule"]
[Result "0-1"]
[WhiteElo "2512"]
[BlackElo "2824"]
[TimeControl "180+1"]
[EndTime "9:34:33 PST"]
[Termination "DuleMudule won on time"]

1. e4 c6 2. Nf3 d5 3. e5 Bf5 4. Nh4 Be6 5. d4 c5 6. dxc5 Nc6 7. f4 Nh6 8. Be3 d4 9. Bf2 Qa5+ 10. Nd2 Qxc5 11. Nb3 Qb4+ 12. Qd2 Qxd2+ 13. Kxd2 O-O-O 14. Rd1 g5 15. fxg5 Ng4 16. Bg1 Ne3 17. Re1 Nxe5 18. Nf3 Nxf1+ 19. Rxf1 Nc4+ 20. Kc1 Ne3 21. Bxe3 dxe3 22.
Re1 h6 23. h4 hxg5 24. hxg5 Rxh1 25. Rxh1 Bd5 26. Re1 Bxf3 27. gxf3 Rd5 28. Rxe3 Rxg5 29. Re2 e6 30. c3 Rf5 31. Nd4 Rf4 32. Re4 Rf6 33. Kc2 Bc5 34. Re3 Kd7 35. b4 Bb6 0-1

[Event "Early-Titled-Tuesday-Blitz-November-28-2023"]
[Site "Chess.com"]
[Date "2023.11.28"]
[Round "8"]
[White "Kostya0705"]
[Black "psychokiller48"]
[Result "1-0"]
[WhiteElo "2550"]
[BlackElo "2692"]
[TimeControl "180+1"]
[EndTime "9:34:33 PST"]
[Termination "Kostya0705 won on time"]

1. e4 e5 2. Nf3 Nc6 3. Bc4 Bc5 4. c3 Nf6 5. d4 exd4 6. b4 Bf8 7. e5 d5 8. Bd3 Ne4 9. b5 Ne7 10. cxd4 Ng6 11.
O-O Be7 12. Nbd2 Nxd2 13. Bxd2 O-O 14. Qc2 a6 15. a4 Be6 16. Rac1 axb5 17. axb5 Rc8 18.
g3 c5 19. bxc6 bxc6 20. h4 Re8 21. h5 Nf8 22. Be3 Bg4 23. Nh2 Bxh5 24. f4 c5 25. dxc5 d4 26. Bf2 Rxc5 27. Qb2 Rc3 28. Rxc3 dxc3 29. Qxc3 Qd7 30. f5 Rc8 31. Qb3 Bc5 32. g4 Bxf2+ 33. Rxf2 Rc1+ 34. Bf1 Qd4 35. gxh5 Rc3 36.
Qb2 Qxe5 37. f6 Rg3+ 38. Kh1 Qe4+ 39. Rg2 1-0

[Event "Early-Titled-Tuesday-Blitz-November-28-2023"]
[Site "Chess.com"]
[Date "2023.11.28"]
[Round "8"]
[White "VladimirBugayev"]
[Black "mortngabriel"]
[Result "0-1"]
[WhiteElo "2328"]
[BlackElo "2499"]
[TimeControl "180+1"]
[EndTime "9:34:34 PST"]
[Termination "mortngabriel won by resignation"]

1. e4 c5 2. Nc3 Nc6 3. Bb5 Nd4 4. Nf3 e6 5. O-O a6 6. Bd3 Nc6 7. b3 b5 8. a4 b4 9. Ne2 Bb7 10. Bb2 Nf6 11. Ng3 h5 12. h4 Qc7 13. Re1 Be7 14.
Ng5 g6 15. e5 Ng4 16. f4 c4 17. Be4 c3 18. dxc3 Qb6+ 19. Kh1 Nf2+ 20. Kh2 Nxd1 21. Raxd1 bxc3 22. Bxc3 Rc8 23. Bf3 Nb4 24. Bd4 Qc7 25. c4 Nc2 26. Re2 Nxd4 27. Rxd4 Bxf3 28. Nxf3 O-O 29.
Ne4 Rfd8 30. Red2 Qb7 31. Nd6 Bxd6 32. Rxd6 Qxb3 33. Ng5 Rxc4 34. Rxd7 Rxd7 35. Rxd7 Rxf4 36. Rd8+ Kg7 37. Rd7 Rxh4+ 38. Kg1 Qe3+ 0-1

[Event "Early-Titled-Tuesday-Blitz-November-28-2023"]
[Site "Chess.com"]
[Date "2023.11.28"]
[Round "8"]
[White "Anton_Demchenko"]
[Black "Gabrielian_Artur"]
[Result "1-0"]
[WhiteElo "2943"]
[BlackElo "2712"]
[TimeControl "180+1"]
[EndTime "9:34:35 PST"]
[Termination "Anton_Demchenko won by resignation"]

1. e4 c5 2. a4 Nc6 3. Bb5 g6 4. Bxc6 dxc6 5. d3 c4 6. d4 Bg7 7. Ne2 Nf6 8. f3 a5 9. Na3 b6 10. Nxc4 Ba6 11. b3 Nd7 12. Be3 c5 13. d5 Bxc4 14.
bxc4 Ne5 15. Bd2 Nxc4 16. Bc3 Bxc3+ 17. Nxc3 Qd6 18. Qe2 Ne5 19. f4 Nd7 20. e5 Qb8 21. Qb5 e6 22. O-O Ra7 23. Rad1 Qc7 24. dxe6 fxe6 25.
Rd6 O-O 26. Rxe6 c4 27. Rc6 Qd8 28. Qxc4+ Kh8 29. Ne4 Qe7 30. Qd4 Nc5 31. Nxc5 bxc5 32. Qxc5 Qf7 33. Rf6 1-0

[Event "Early-Titled-Tuesday-Blitz-November-28-2023"]
[Site "Chess.com"]
[Date "2023.11.28"]
[Round "8"]
[White "ContrVersia"]
[Black "Meri-Arabidze"]
[Result "1-0"]
[WhiteElo "2874"]
[BlackElo "2691"]
[TimeControl "180+1"]
[EndTime "9:34:36 PST"]
[Termination "ContrVersia won on time"]

1. Nf3 b6 2. g3 Bb7 3. Bg2 g6 4.
O-O Bg7 5. d4 d6 6. c4 Nd7 7.
Nc3 e5 8. e4 Ne7 9. Be3 O-O 10.
d5 h6 11. b4 a5 12. a3 Kh7 13.
Ne1 f5 14. Nd3 f4 15. Bd2 g5 16. f3 Ng6 17. Bh3 Ba6 18. Qb3 Nf6 19. Bf5 h5 20.
gxf4 exf4 21. e5 Ng8 22. Bxg6+ Kxg6 23. b5 Bc8 24. e6 Bd4+ 25. Kh1 Qf6 26. Rae1 Ne7 27.
Ne4 Qf5 28. Bc3 Be3 29. Re2 Bxe6 30. dxe6 Qxe6 31. Bd2 g4 32. Bxe3 fxe3 33. Rxe3 Kh6 34. Qb2 Nf5 35. Ree1 Nh4 36. Qd2+ Kg7 37. Qg5+ Ng6 38.
Ng3 Rh8 39. Rxe6 1-0

[Event "Early-Titled-Tuesday-Blitz-November-28-2023"]
[Site "Chess.com"]
[Date "2023.11.28"]
[Round "8"]
[White "elchacal664"]
[Black "Akylbek2021"]
[Result "1-0"]
[WhiteElo "2331"]
[BlackElo "2220"]
[TimeControl "180+1"]
[EndTime "9:34:37 PST"]
[Termination "elchacal664 won by checkmate"]

1. e4 e5 2. d4 exd4 3. Nf3 Nc6 4. Nxd4 Nf6 5. Nc3 Bb4 6. Nxc6 bxc6 7. Qd3 O-O 8. Bd2 d5 9. O-O-O Bxc3 10. Bxc3 Nxe4 11. Bd4 Bf5 12. Qa6 c5 13. Be3 d4 14. c3 Qh4 15. g3 Qh5 16. cxd4 cxd4 17. Be2 Bg4 18. Bxg4 Qxg4 19. Rxd4 Qf3 20. Rf1 Rab8 21. Qa4 Rfe8 22. Qd1 Qf5 23. Qc2 Qb5 24. Rfd1 Nd6 25. Bf4 Ne4 26.
Bxc7 Rbc8 27. Rxe4 Rxe4 28. Qxe4 Rxc7+ 29. Kb1 Rc8 30. Qd5 Qb6 31. Qd6 Qb7 32. Qd8+ Rxd8 33. Rxd8# 1-0

[Event "Early-Titled-Tuesday-Blitz-November-28-2023"]
[Site "Chess.com"]
[Date "2023.11.28"]
[Round "8"]
[White "FunnyDuck66"]
[Black "DenLaz"]
[Result "0-1"]
[WhiteElo "2558"]
[BlackElo "3032"]
[TimeControl "180+1"]
[EndTime "9:34:38 PST"]
[Termination "DenLaz won by resignation"]

1. d4 d5 2. c4 e6 3. Nc3 a6 4. cxd5 exd5 5. Bf4 Nf6 6. e3 Bd6 7. Bg3 O-O 8. Bd3 Re8 9. Nf3 Nc6 10. O-O Bg4 11. Rc1 Bxg3 12. hxg3 Qd6 13. Na4 g6 14. Nc5 Rab8 15. a3 Kg7 16. Qc2 Bxf3 17. gxf3 Nd8 18. Kg2 c6 19. b4 h5 20. Rh1 Ne6 21. a4 Nc7 22. a5 Re7 23. Qc3 Ne6 24. f4 Rbe8 25.
f5 Ng5 26. fxg6 fxg6 27. Qc2 Ng4 28. Qd2 Rf7 29. Rhf1 Nf3 30. Qb2 Nh4+ 31. Kh1 Ref8 32. f4 Nf5 33. Bxf5 gxf5 34. Rce1 Re8 35. Qd2 Rfe7 36. Rf3 Qh6 37. Qg2 h4 38. Qh3 Nxe3 39.
Qxh4 Qxh4+ 40. gxh4 Ng4 41. Rxe7+ Rxe7 42. Rf1 Kg6 43.
Kg2 Ne3+ 44. Kf2 Nxf1 45. Kxf1 Kh5 46. Kf2 Kxh4 47. Kf3 Kh5 48. Kf2 Kg4 0-1

[Event "Early-Titled-Tuesday-Blitz-November-28-2023"]
[Site "Chess.com"]
[Date "2023.11.28"]
[Round "8"]
[White "defenceboy"]
[Black "TRadjabov"]
[Result "0-1"]
[WhiteElo "2835"]
[BlackElo "3024"]
[TimeControl "180+1"]
[EndTime "9:34:40 PST"]
[Termination "TRadjabov won by resignation"]

1. d4 Nf6 2. c4 g6 3. Nc3 Bg7 4. e4 d6 5. Be2 Nc6 6. d5 Nb8 7. Nf3 O-O 8. O-O c6 9. Re1 Nbd7 10. Be3 a6 11. Rc1 Qc7 12. b4 c5 13. bxc5 Nxc5 14. Qc2 Bd7 15. Nd4 Rfc8 16. f3 Be8 17. Qd2 Nfd7 18.
f4 Qa5 19. Kh1 Nb6 20. Bg1 Nca4 21. Nb1 Qxd2 22. Nxd2 Nc5 23. Bf1 Nbd7 24. N2f3 Nf6 25. Nd2 Nfd7 26. N2f3 Rc7 27. e5 Bh6 28. Be3 Rac8 29. Rb1 Ne4 30. f5 Bxe3 31. e6 Nf2+ 32. Kg1 Ng4+ 33. Kh1 Nde5 34. h3 Bxd4 35. Nxd4 Nf6 36.
exf7+ Bxf7 37. Ne6 Bxe6 38. fxe6 Nxc4 39. Bxc4 Rxc4 40.
Rxb7 Nxd5 41. Kh2 R4c7 42. Rb3 Kg7 43. Rd1 Nf6 44. Ra3 Rc6 45. Rb1 R8c7 46. Rb8 d5 47.
Rd8 Rxe6 0-1

[Event "Early-Titled-Tuesday-Blitz-November-28-2023"]
[Site "Chess.com"]
[Date "2023.11.28"]
[Round "8"]
[White "SayonaraPonytail"]
[Black "Amirreza_p"]
[Result "1-0"]
[WhiteElo "2561"]
[BlackElo "2716"]
[TimeControl "180+1"]
[EndTime "9:34:40 PST"]
[Termination "SayonaraPonytail won by resignation"]

1. e4 e6 2. d4 d5 3. e5 c5 4. c3 Nc6 5. Nf3 Bd7 6. Be2 f6 7. O-O fxe5 8. Nxe5 Nxe5 9. dxe5 Qc7 10. Bf4 Ne7 11. c4 d4 12. Nd2 Nc6 13. Ne4 Be7 14.
Bh5+ g6 15. Nd6+ Bxd6 16. exd6 Qb6 17. Bf3 O-O-O 18. Re1 e5 19. Bxc6 exf4 20. Bd5 Qxd6 21. b4 cxb4 22. Qxd4 Kb8 23. c5 Qc7 24. Qxb4 Rhe8 25.
Rxe8 Rxe8 26. Rb1 Bc8 27. h3 g5 28. Bf3 h6 29. a4 Re5 30. c6 b6 31. a5 b5 32. Rd1 h5 33. Qf8 g4 34. hxg4 hxg4 35.
Bxg4 Qxc6 36. Bxc8 Re8 37. Qxf4+ Kxc8 38. Rc1 Qxc1+ 39.
Qxc1+ Kb7 40. Qc5 1-0

[Event "Early-Titled-Tuesday-Blitz-November-28-2023"]
[Site "Chess.com"]
[Date "2023.11.28"]
[Round "8"]
[White "masterofpuppets2"]
[Black "JimDiGrease"]
[Result "0-1"]
[WhiteElo "2509"]
[BlackElo "2934"]
[TimeControl "180+1"]
[EndTime "9:34:41 PST"]
[Termination "JimDiGrease won by checkmate"]

1. d4 d5 2. c4 e6 3. Nf3 Nf6 4. g3 dxc4 5. Bg2 Bb4+ 6. Nbd2 b5 7. O-O O-O 8. a4 c6 9. Ne1 Ba6 10. axb5 Bxb5 11. Nc2 Be7 12. Nb1 a5 13. Bd2 a4 14.
Qe1 Nbd7 15. Bb4 Ra6 16. Nc3 Nb6 17. e4 Re8 18. Qe3 Qc7 19. Rfd1 Rd8 20. h3 h6 21. Bc5 Bxc5 22. dxc5 Nbd7 23. Nb4 Ra5 24. e5 Nd5 25. Bxd5 cxd5 26. c6 Bxc6 27. Qd4 Nxe5 28. Kf1 Rb8 29. Nxc6 Nxc6 30. Qg4 Rxb2 31. Nxa4 Rc2 32. Qf3 Qa7 33.
Qa3 Qxf2# 0-1